 Dungeon Crawl Stone Soup version 0.29.1-1-gd02db6906a (webtiles) character file.

Game seed: 160844638778444454

629 Earthwalker the Poker (level 7, 0/55 (61) HPs)
             Began as a Minotaur Fighter on Oct 5, 2022.
             Slain by a wight
             ... wielding a +0 halberd
              (1 damage)
             ... on level 4 of the Dungeon.
             The game lasted 00:16:33 (4091 turns).

Earthwalker the Poker (Minotaur Fighter)            Turns: 4091, Time: 00:16:34

HP:   0/55 (61)     AC: 11    Str: 21    XL:     7   Next: 23%
MP:   6/6           EV:  9    Int:  5    God:
Gold: 115           SH:  6    Dex: 11    Spells: 6/6 levels left

rFire   . . .      SeeInvis .   a - +1 trident
rCold   . . .      Faith    .   c - +1 buckler
rNeg    . . .      Spirit   .   b - +0 scale mail
rPois   .          Reflect  .   (helmet restricted)
rElec   .          Harm     .   B - +0 cloak
rCorr   .          Rampage  .   u - +0 pair of gloves
Will    .....                   i - +0 pair of boots
Stlth   ..........              (no amulet)
HPRegen 0.18/turn               n - +4 ring of slaying
MPRegen 0.10/turn               (no ring)

@: drained
A: horns 2, retaliatory headbutt
a: no special abilities


You were on level 4 of the Dungeon.
You visited 1 branch of the dungeon, and saw 4 of its levels.
You also visited: Sewer.

You collected 187 gold pieces.
You spent 72 gold pieces at shops.

Inventory:

Hand Weapons
 a - a +1 trident (weapon)
 t - a +0 dagger
 A - a +3 quarterstaff of chaos
Armour
 b - a +0 scale mail (worn)
 c - a +1 buckler (worn)
 i - a +0 pair of boots (worn)
 u - a +0 pair of gloves (worn)
 B - a +0 cloak (worn)
Jewellery
 n - a +4 ring of slaying (left hand)
Wands
 x - a wand of flame (18)
 z - a wand of mindburst (8)
 C - a wand of iceblast (11)
Scrolls
 f - a scroll of identify
 g - 2 scrolls of magic mapping
 j - 3 scrolls of blinking
 r - a scroll of butterflies {unknown}
 y - a scroll of summoning {unknown}
Potions
 d - 4 potions of might
 e - 2 potions of lignification
 h - 2 potions of flight {unknown}
 k - a potion of berserk rage {unknown}
 l - 4 potions of heal wounds
 m - 4 potions of haste {unknown}
 o - a potion of cancellation {unknown}
 p - 2 potions of mutation {unknown}
 q - a potion of degeneration {unknown}
 w - 2 potions of curing {unknown}


   Skills:
 + Level 5.2 Fighting
 + Level 6.3 Polearms
 + Level 6.3 Armour
 + Level 1.2 Dodging
 + Level 0.2 Stealth
 + Level 4.5 Shields


You had 6 spell levels left.
You didn't know any spells.
Your spell library contained the following spells:

 Spells                   Type           Power      Damage    Failure   Level
 Ensorcelled Hibernation  Hex/Ice        0%         N/A       95%         2
 Passwall                 Tmut/Erth      0%         N/A       95%         2
 Swiftness                Air            0%         N/A       99%         3


Dungeon Overview and Level Annotations

Branches:
Dungeon (4/15)              Sewer (visited)
 Temple: D:4-7

Altars:
Xom

Shops:
D:2 *   D:3 (*?:[


Innate Abilities, Weirdness & Mutations

You have a pair of horns on your head.
You reflexively headbutt those who attack you in melee.


Message History

The wight is severely damaged.
A wight comes into view. It is wielding a +0 flail.
The wight hits you from afar with a +0 halberd.
You feel drained. The wight hits you with a +0 mace!
You closely miss the wight.
The wight is severely damaged.
You block the wight's attack.
You puncture the wight!
You destroy the wight!
The wight hits you from afar with a +0 halberd.
The wight barely misses you.
Your life force feels restored.
You closely miss the wight.
The wight is lightly damaged.
You block the wight's attack. The wight closely misses you.
You hit the wight.
The wight is heavily damaged.
The wight hits you but does no damage. x2
You barely miss the wight.
The wight is heavily damaged.
The wight hits you but does no damage. The wight barely misses you.
You hit the wight but do no damage.
The wight is heavily damaged.
The wight barely misses you.
You hit the wight.
You headbutt the wight, but do no damage.
The wight is moderately damaged.
You block the wight's attack. x2; The wight hits you with a +0 scimitar!
You feel drained.
* * * LOW HITPOINT WARNING * * *
You closely miss the wight. Your headbutt misses the wight.
The wight is moderately damaged.
The wight hits you but does no damage. The wight hits you with a +0 flail!
* * * LOW HITPOINT WARNING * * *
You feel drained.
* * * LOW HITPOINT WARNING * * *
The wight hits you from afar with a +0 halberd.
* * * LOW HITPOINT WARNING * * *
You feel drained.
You die...

.## . .#### ###.#
....# ##....
....##...# <......#
#####..# .
#.############ 8⌠.
#÷÷~~~~~~~~~z##...[.
#..~~~~÷~~~~@z...8⌠.
##.~~~~~~~~~.#z.....
############# ....#
##.. #


You could see 3 wights.

Vanquished Creatures
  An ogre (D:4)
  2 kobold brigands (Sewer)
  A scorpion (D:4)
  A wight (D:4)
  Crazy Yiuf (D:3)
  Ijyb (D:3)
  Terence (D:2)
  Natasha (thrice) (D:3)
  Robin (D:2)
  4 adders
  A river rat (Sewer)
  3 worms
  A dart slug (D:3)
  2 orcs (D:3)
  10 ball pythons
  7 endoplasms
  4 giant cockroaches
  16 goblins
  5 hobgoblins
  9 kobolds
  5 quokkas
  A bat (D:1)
  2 frilled lizards (D:1)
  3 rats
85 creatures vanquished.

Notes
Turn   | Place    | Note
-------+----------+-------------------------------------------
     0 | D:1      | Earthwalker the Minotaur Fighter began the quest for the
                  | Orb.
     0 | D:1      | Reached XP level 1. HP: 19/19 MP: 0/0
   217 | D:1      | Reached XP level 2. HP: 27/27 MP: 1/1
   526 | D:1      | Found a faded altar of an unknown god.
   981 | D:2      | Noticed Terence
   993 | D:2      | Killed Terence
   994 | D:2      | Reached XP level 3. HP: 30/33 MP: 2/2
  1293 | D:2      | Found a shimmering altar of Xom.
  1399 | D:2      | Reached XP level 4. HP: 40/40 MP: 3/3
  1730 | D:2      | Found Nilates's Assorted Antiques.
  1738 | D:2      | Bought a brown potion for 17 gold pieces
  1738 | D:2      | Bought a scroll labelled PISENE BUAKUCO for 19 gold pieces
  1738 | D:2      | Bought a scroll labelled LEUH MOCIESU for 19 gold pieces
  1738 | D:2      | Bought a bubbling brown potion for 17 gold pieces
  1886 | D:2      | Noticed Robin
  1893 | D:2      | Killed Robin
  2291 | D:3      | Found Sarilum's Armour Shop.
  2337 | D:3      | Reached skill level 5 in Armour
  2358 | D:3      | Noticed Natasha
  2365 | D:3      | Killed Natasha
  2452 | D:3      | Noticed a scorpion
  2509 | D:3      | Reached XP level 5. HP: 47/47 MP: 4/4
  2538 | D:3      | Noticed Natasha
  2543 | D:3      | Killed Natasha
  2692 | D:3      | Found Ruajeodgh's Magic Scroll Shop.
  2700 | D:3      | Found Labihin's General Store.
  2700 | D:3      | Noticed Natasha
  2709 | D:3      | Killed Natasha
  2727 | D:3      | Found Dystrauz's Antique Weapon Boutique.
  2920 | D:3      | Found a runed translucent door.
  2921 | D:3      | Noticed Crazy Yiuf
  2927 | D:3      | Killed Crazy Yiuf
  3097 | D:3      | Found Rired's Book Shop.
  3114 | D:3      | Noticed Ijyb
  3119 | D:3      | Killed Ijyb
  3347 | D:4      | Noticed an ogre
  3352 | D:4      | Killed an ogre
  3353 | D:4      | Reached skill level 5 in Polearms
  3353 | D:4      | Reached skill level 1 in Dodging
  3353 | D:4      | Reached XP level 6. HP: 32/55 MP: 5/5
  3540 | D:4      | Found a glowing drain.
  3559 | Sewer    | Entered a sewer
  3829 | Sewer    | Reached skill level 5 in Fighting
  3836 | Sewer    | Reached XP level 7. HP: 22/61 MP: 6/6
  4091 | D:4      | HP: 1/57 [wight/+0 halberd (5)]
  4091 | D:4      | Slain by a wight

Illustrated notes

Levels and vault maps discovered:
D:1:      mrwooster_arrival_statue_2, layout_loops_cross,
          hellmonk_ecumenical_altar_heavens_door
D:2:      layout_basic, basic_altar, serial_shops, nicolae_shop_hallway_stairs,
          uniq_terence, uniq_robin
D:3:      layout_loops_ring, serial_shops, shop, shop_statue, shop_fountains,
          nicolae_shop_statue_plus, nicolae_shop_statue_plus,
          lightli_corner_chamber, uniq_natasha, uniq_crazy_yiuf_cottage,
          uniq_ijyb
D:4:      wander_river, layout_rooms, minmay_temple_entry_drinking_statues,
          portal_sewer_entry_f, enter_ossuary_5, corexii_leaking_fountain,
          minmay_small_thing

Skill      XL: |  1  2  3  4  5  6 |
---------------+-------------------+-----
Shields        | 4 |  4.5
Fighting       | 4 5 |  5.2
Armour         | 4 5 6 |  6.3
Polearms       | 3 5 6 |  6.3
Dodging        | 1 |  1.2
Stealth        | |  0.2

Action                   |  1- 3 |  4- 6 |  7- 9 || total
-------------------------+-------+-------+-------++-------
Melee: Trident           |    60 |   126 |    16 ||   202
       Headbutt          |    10 |    18 |     4 ||    32
  Use: Scroll            |     3 |     6 |       ||     9
Armor: Scale mail        |    20 |    37 |     4 ||    61
Dodge: Dodged            |    23 |    36 |     4 ||    63
Block: Buckler           |    13 |    15 |     7 ||    35
